 Dungeon Crawl Stone Soup version 0.31.0-11-ge490571c62 (webtiles) character file.

Game seed: 8113231962430166695

8834 mopl the Jinx (level 11, -7/74 HPs)
             Began as a Purple Draconian Enchanter on Jan 31, 2024.
             Was a Believer of Dithmenos.
             Mangled by a vampire mosquito (10 damage)
             ... on level 10 of the Dungeon.
             The game lasted 00:19:47 (11015 turns).

mopl the Jinx (Purple Draconian Enchanter)         Turns: 11015, Time: 00:19:48

Health: -7/74      AC:  9    Str: 11    XL:     11   Next: 15%
Magic:  10/24      EV: 11    Int: 22    God:    Dithmenos [**....]
Gold:   248        SH:  9    Dex: 11    Spells: 14/29 levels left

rFire   . . .        a - +1 dagger
rCold   + . .        l - +4 buckler "Folowad" {Int+2 Stlth+}
rNeg    . . .        (body armour unavailable)
rPois   .            (helmet restricted)
rElec   .            D - +0 cloak
rCorr   .            (no gloves)
SInv    .            m - +0 pair of boots
Will    +....        (no amulet)
Stlth   ++++++       j - ring of protection from cold
HPRegen 0.32/turn    (no ring)
MPRegen 0.19/turn

%: no passive effects
@: confusing by touch, wreathed by umbra
A: breathe power, AC +7, unfitting armour, cold-blooded
a: Breathe Dispelling Energy, Renounce Religion, Shadow Step


You were on level 10 of the Dungeon.
You worshipped Dithmenos.
Dithmenos was pleased with you.
You visited 2 branches of the dungeon, and saw 11 of its levels.
You also visited: Bailey.

You collected 706 gold pieces.
You spent 458 gold pieces at shops.

Inventory:

Hand Weapons
 a - a +1 dagger (weapon)
 A - a +0 dagger of speed
 J - a +5 spear of flaming
Missiles
 u - 15 boomerangs
 G - 29 poisoned darts
 I - 5 curare-tipped darts
 M - 4 silver javelins
 N - 8 atropa-tipped darts
Armour
 l - the +4 buckler "Folowad" (worn) {Int+2 Stlth+}
   (You found it on level 2 of the Dungeon)

   Int+2:     It affects your intelligence (+2).
   Stlth+:    It makes you more stealthy.
 m - a +0 pair of boots (worn)
 D - a +0 cloak (worn)
Jewellery
 j - a ring of protection from cold (left hand)
Wands
 v - a wand of mindburst (19)
 B - a wand of iceblast (5)
 F - a wand of light (4)
 K - a wand of flame (3)
 O - a wand of paralysis (4)
Scrolls
 c - 4 scrolls of teleportation
 e - 2 scrolls of immolation
 g - 4 scrolls of amnesia {unknown}
 h - a scroll of enchant weapon {unknown}
 k - 2 scrolls of identify
 s - a scroll of acquirement {unknown}
 w - a scroll of poison {unknown}
 y - 2 scrolls of enchant armour {unknown}
 z - 2 scrolls of blinking {unknown}
 C - a scroll of noise {unknown}
 E - a scroll of fog
 H - a scroll of vulnerability {unknown}
Potions
 b - 3 potions of invisibility
 d - a potion of berserk rage
 f - 4 potions of haste
 i - 2 potions of lignification
 n - 2 potions of attraction
 o - 2 potions of mutation
 p - a potion of curing
 q - a potion of heal wounds
 r - a potion of might
 t - 2 potions of enlightenment
 x - 2 potions of brilliance
Miscellaneous
 L - a lightning rod (3/4)


   Skills:
 + Level 6.1 Short Blades
 + Level 2.0 Throwing
 - Level 1.7 Dodging
 * Level 9.0 Stealth
 - Level 5.0 Shields
 * Level 9.6 Spellcasting
 * Level 9.8 Hexes
 + Level 3.6 Invocations
 + Level 2.4 Evocations


You had 14 spell levels left.
You knew the following spells:

 Your Spells              Type           Power      Damage    Failure   Level
a - Dazzling Flash        Conj/Hex       64%        N/A       3%          3
b - Ensorcelled Hibernat  Hex/Ice        64%        N/A       1%          2
c - Confusing Touch       Hex            52%        N/A       1%          3
d - Tukima's Dance        Hex            52%        N/A       1%          3
s - Slow                  Hex            100%       N/A       1%          1
S - Sigil of Binding      Hex            52%        N/A       1%          3

Your spell library contained the following spells:

 Spells                   Type           Power      Damage    Failure   Level
 Inner Flame              Hex/Fire       32%        N/A       3%          3
 Lesser Beckoning         Tloc           20%        N/A       13%         2
 Gell's Gravitas          Tloc           10%        N/A       26%         3
 Teleport Other           Tloc           10%        N/A       26%         3
 Vampiric Draining        Necr           10%        2d6       26%         3
 Irradiate                Conj/Alch      5%         3d13      93%         5
 Ignition                 Fire           5%         3d4       100%        8


Dungeon Overview and Level Annotations

Branches:
Dungeon (10/15)            Temple (1/1) D:7          Bailey (visited)
   Lair: D:8-11         Orc: D:9-12

Altars:
Ashenzari
Cheibriados
Dithmenos
Elyvilon
Fedhas
Gozag
Hepliaklqana
Kikubaaqudgha
Makhleb
Nemelex Xobeh
Okawaru
Qazlal
Trog
Uskayaw
Vehumet
Wu Jian
Xom
Yredelemnul
Zin
The Shining One

Shops:
D:1 !   D:5 (   D:6 :   D:7 [?


Innate Abilities, Weirdness & Mutations

You can breathe bolts of dispelling energy.
Your rich purple scales are hard. (AC +7)
You cannot fit into any form of body armour.
You are cold-blooded and may be slowed by cold attacks.


Message History

The orc is no longer blind.
The vampire mosquito bites you but does no damage.
The vampire mosquito closely misses you.
The vampire mosquito bites you.
The vampire mosquito draws strength from your injuries!
The vampire mosquito barely misses you.
You hit the vampire mosquito but do no damage.
The vampire mosquito appears confused.
You tail-slap the vampire mosquito.
The vampire mosquito is lightly damaged.
The orc is no longer blind.
The vampire mosquito bites you.
The vampire mosquito draws strength from your injuries!
The vampire mosquito bites you.
The vampire mosquito draws strength from your injuries!
The vampire mosquito closely misses you.
The vampire mosquito bites you but does no damage.
You barely miss the vampire mosquito.
Your tail-slap misses the vampire mosquito.
The vampire mosquito closely misses you.
You block the vampire mosquito's attack.
The vampire mosquito closely misses the orc.
You block the vampire mosquito's attack.
The vampire mosquito bites you!
* * * LOW HITPOINT WARNING * * *
The vampire mosquito draws strength from your injuries!
Unknown command.
Casting: Confusing Touch (safe; 1% risk of failure)
Confirm with . or Enter, or press ? or * to list all spells.
Your hands begin to glow red.
The orc is no longer blind.
The vampire mosquito closely misses the vampire mosquito.
The vampire mosquito barely misses you.
The vampire mosquito completely misses you.
The vampire mosquito bites you.
* * * LOW HITPOINT WARNING * * *
The vampire mosquito draws strength from your injuries!
Unknown command.
You barely miss the vampire mosquito. The vampire mosquito bites you!
* * * LOW HITPOINT WARNING * * *
The vampire mosquito draws strength from your injuries!
The vampire mosquito bites you!
You die...

......# #..# .....
......###..# .....
...........########.....
........................
........................
...........#####..#####
###........# #..# #
#........# #y.#
8##........# #@.#
.##>.......# #yy#
.8#........# #oo#
.##.......[# #oo#
8##........ #..# ....
<... .....


You could see 3 vampire mosquitoes and 4 orcs.

Vanquished Creatures
  A two-headed ogre (D:8)
  An orc knight (Bailey)
  Pikel (D:4)
  Maurice (D:7)
  4 gargoyles (D:10)
  2 trolls
  A hornet (D:9)
  Grinder (D:4)
  A shadow (D:9)
  3 wyverns
  Menkaure (D:5)
  3 water moccasins
  Duvessa (D:4)
  5 orc warriors
  An ice beast (D:7)
  A sky beast (D:5)
  2 black bears (D:5)
  2 lemures
  2 phantoms
  5 kobold brigands
  A weeping skull (D:8)
  3 bullfrogs
  A gnoll sergeant (D:9)
  4 scorpions
  Dowan (D:4)
  10 killer bees (D:9)
  2 howler monkeys (D:9)
  2 electric eels (D:6)
  4 hounds
  5 jellies
  2 orc priests
  Jessica (D:2)
  An iguana (D:5)
  Natasha (thrice) (D:2)
  4 orc wizards
  6 adders
  7 gnolls
  2 shadow imps
  2 ufetubi (D:5)
  A ribbon worm (D:2)
  A dart slug (D:1)
  35 orcs
  9 bats
  9 endoplasms
  4 giant cockroaches
  11 goblins
  5 hobgoblins
  30 kobolds
  3 quokkas
  9 ball pythons
  4 frilled lizards
  7 rats
  A spectral orc (D:8)
229 creatures vanquished.

Vanquished Creatures (collateral kills)
  Sigmund (D:4)
  3 kobold brigands (Bailey)
  A gnoll sergeant (D:8)
  Terence (D:2)
  2 gnolls (D:8)
  A goblin (D:10)
9 creatures vanquished.

Vanquished Creatures (others)
  6 dancing weapons
  An orc (D:6)
7 creatures vanquished.

Grand Total: 245 creatures vanquished

Notes
Turn   | Place    | Note
-------+----------+-------------------------------------------
     0 | D:1      | mopl the Draconian Enchanter began the quest for the Orb.
     0 | D:1      | Reached XP level 1. HP: 14/14 MP: 3/3
    97 | D:1      | Reached XP level 2. HP: 16/20 MP: 5/5
   100 | D:1      | Learned a level 2 spell: Ensorcelled Hibernation
   336 | D:1      | Found Wuakkust's Distillery.
   549 | D:2      | Reached XP level 3. HP: 13/26 MP: 6/6
   606 | D:2      | Learned a level 3 spell: Confusing Touch
   744 | D:2      | Noticed Natasha
   753 | D:2      | Killed Natasha
   859 | D:2      | Reached XP level 4. HP: 33/33 MP: 4/8
   863 | D:2      | Learned a level 3 spell: Tukima's Dance
  1280 | D:2      | Noticed Natasha
  1293 | D:2      | Killed Natasha
  1358 | D:2      | Noticed Jessica
  1370 | D:2      | Killed Jessica
  1371 | D:2      | Reached XP level 5. HP: 38/38 MP: 4/9
  1414 | D:2      | Noticed Natasha
  1419 | D:2      | Killed Natasha
  1460 | D:2      | Noticed Terence
  1492 | D:2      | Killed Terence
  1638 | D:2      | Identified the +4 buckler "Folowad" {Int+2 Stlth+}
  2048 | D:3      | Found a hide-covered altar of Uskayaw.
  2341 | D:1      | Bought a potion of curing for 33 gold pieces
  2341 | D:1      | Bought a potion of heal wounds for 55 gold pieces
  2341 | D:1      | Bought a potion of lignification for 33 gold pieces
  2341 | D:1      | Bought a potion of might for 44 gold pieces
  2534 | D:4      | Noticed a lemure
  2534 | D:4      | Noticed a lemure
  2558 | D:4      | Noticed a lemure
  2582 | D:3      | Killed a lemure
  2672 | D:4      | Killed a lemure
  2759 | D:4      | Reached XP level 6. HP: 45/45 MP: 2/11
  2843 | D:4      | Noticed Pikel
  2856 | D:4      | Noticed Sigmund
  2869 | D:4      | Killed Pikel
  2870 | D:4      | Reached skill level 5 in Stealth
  2870 | D:4      | Reached skill level 1 in Shields
  2870 | D:4      | Your scales start taking on a rich purple colour.
  2870 | D:4      | Reached skill level 5 in Spellcasting
  2870 | D:4      | Reached skill level 5 in Hexes
  2870 | D:4      | Reached XP level 7. HP: 28/50 MP: 2/14
  2890 | D:4      | Killed Sigmund
  2974 | D:4      | Learned a level 3 spell: Dazzling Flash
  3053 | D:4      | Reached XP level 8. HP: 57/57 MP: 12/16
  3180 | D:4      | Noticed Duvessa
  3184 | D:4      | Noticed Dowan
  3205 | D:4      | Killed Duvessa
  3231 | D:4      | Killed Dowan
  3349 | D:1      | Bought a potion of enlightenment for 55 gold pieces
  3793 | D:4      | Noticed Grinder
  3815 | D:4      | Killed Grinder
  3818 | D:4      | Learned a level 1 spell: Slow
  3822 | D:4      | Learned a level 3 spell: Sigil of Binding
  4044 | D:4      | Noticed an angel
  4045 | D:4      | Found a glowing silver altar of Zin.
  4125 | D:5      | Entered Level 5 of the Dungeon
  4534 | D:5      | Found Xeipsukk's Weapon Emporium.
  4657 | D:5      | Noticed Menkaure
  4664 | D:5      | Killed Menkaure
  4665 | D:5      | Reached XP level 9. HP: 62/62 MP: 19/19
  5479 | D:6      | Found a stormy altar of Qazlal.
  5483 | D:6      | Found an ancient bone altar of Kikubaaqudgha.
  5606 | D:6      | Found a white marble altar of Elyvilon.
  5717 | D:6      | Noticed a troll
  5738 | D:6      | Killed a troll
  5815 | D:6      | Found Xujuoril's Book Emporium.
  6134 | D:7      | Found a staircase to the Ecumenical Temple.
  6141 | Temple   | Entered the Ecumenical Temple
  6158 | Temple   | Became a worshipper of Dithmenos the Shadowed
  6193 | D:7      | Found a snail-covered altar of Cheibriados.
  6333 | D:7      | Found a bloodstained altar of Trog.
  6365 | D:7      | Found Wymoosy's Antique Armour Boutique.
  6582 | D:7      | Reached skill level 5 in Short Blades
  7000 | D:7      | Found Dapnuodd's Magic Scroll Shoppe.
  7003 | D:7      | Bought a scroll of fog for 60 gold pieces
  7003 | D:7      | Bought a scroll of identify for 30 gold pieces
  7035 | D:7      | Noticed Maurice
  7066 | D:7      | Maurice stole a +0 dagger of speed
  7081 | D:7      | Something stole a boomerang
  7083 | D:7      | Something stole 38 gold
  7096 | D:7      | Killed Maurice
  7097 | D:7      | Reached skill level 1 in Invocations
  7630 | D:8      | Reached XP level 10. HP: 69/69 MP: 17/22
  8066 | D:8      | Found a basalt altar of Yredelemnul.
  8181 | D:8      | Noticed a two-headed ogre
  8202 | D:8      | Killed a two-headed ogre
  9353 | D:9      | Reached * piety under Dithmenos
  9357 | D:9      | Reached skill level 1 in Evocations
  9361 | D:9      | Reached skill level 1 in Throwing
  9628 | D:1      | Bought a potion of mutation for 88 gold pieces
  9760 | D:7      | Bought a scroll of immolation for 60 gold pieces
  9856 | D:10     | Entered Level 10 of the Dungeon
  9856 | D:10     | Noticed a gargoyle
  9860 | D:10     | Killed a gargoyle
  9861 | D:10     | Reached skill level 5 in Shields
  9863 | D:10     | Found a flagged portal.
  9864 | D:10     | Noticed a gargoyle
  9906 | D:10     | Killed a gargoyle
  9929 | Bailey   | Entered a bailey
 10070 | Bailey   | Noticed an orc knight
 10088 | Bailey   | Found a bloodstained altar of Trog.
 10109 | Bailey   | HP: 3/69 [orc warrior/+0 war axe (8)]
 10118 | Bailey   | Killed an orc knight
 10119 | Bailey   | Reached XP level 11. HP: 14/74 MP: 2/24
 10653 | D:10     | Found an opulent altar of Gozag.
 10705 | D:10     | Reached ** piety under Dithmenos
 10709 | D:10     | Found an iron altar of Okawaru.
 11015 | D:10     | HP: 3/74 [vampire mosquito (10)]
 11015 | D:10     | Mangled by a vampire mosquito

Illustrated notes

Levels and vault maps discovered:
D:1:      orjb1_clovarrival, layout_rooms, serial_shops,
          nicolae_shop_hallway_plus
D:2:      layout_loops_corners, uniq_jessica, uniq_natasha, uniq_terence
D:3:      layout_rooms, eat_drink_and_be_merry_uskayaw, kennysheep_potato
D:4:      layout_loops_ring, zin_angel, uniq_duvessa, uniq_sigmund,
          uniq_grinder, uniq_pikel
D:5:      layout_basic, serial_shops, nicolae_shop_bloodbath_and_beyond,
          uniq_menkaure
D:6:      layout_rooms, nicolae_overflow_squiral, lemuel_tele_altar,
          serial_shops, nicolae_shop_real_fake_doors
D:7:      layout_loops_corners, mainiacjoe_overflow_small_starburst, trog_book,
          minmay_temple_entry_tees, serial_shops, nicolae_shop_rolled_up,
          nicolae_shop_rolling_square, nrook_uturn, hangedman_glass_garden,
          uniq_maurice
D:8:      layout_basic, yredelemnul_forgotten_temple_becter
D:9:      layout_loops_corners
D:10:     layout_small_grid, nicolae_overflow_hidden_temple,
          lemuel_crystal_altar, okawaru_ov_weapons_minmay,
          mainiacjoe_overflow_catwalk, lair_entry_dummy, enter_bailey_3
Temple:   zaba_magenta_temple

Skill      XL: |  1  2  3  4  5  6  7  8  9 10 11 |
---------------+----------------------------------+-----
Stealth        | 3 4 5 6 7 8 9 |  9.0
Hexes          | 3 5 6 7 8 9 |  9.8
Short Blades   | 2 3 4 5 6 |  6.1
Spellcasting   | 3 5 7 8 9 |  9.6
Shields        | 1 2 3 4 5 |  5.0
Invocations    | 1 3 |  3.6
Evocations     | 1 2 |  2.4
Throwing       | 1 2 |  2.0
Dodging        | |  1.7

Action                     |  1- 3 |  4- 6 |  7- 9 | 10-12 || total
---------------------------+-------+-------+-------+-------++-------
  Melee: Dagger            |    97 |   157 |   332 |   216 ||   802
         Tailslap          |    17 |    15 |    39 |    29 ||   100
         Punch             |     1 |       |       |       ||     1
   Cast: Ensorcelled Hiber |     3 |    18 |    56 |    44 ||   121
         Confusing Touch   |       |     4 |    13 |     7 ||    24
         Tukima's Dance    |       |     2 |     4 |    20 ||    26
         Dazzling Flash    |       |       |       |     5 ||     5
Ability: Breathe Dispellin |       |       |     7 |     1 ||     8
  Evoke: Lightning rod     |       |       |       |     3 ||     3
    Use: Scroll            |       |       |       |     8 ||     8
         Potion            |       |       |       |     4 ||     4
   Stab: Sleeping          |     9 |    23 |    54 |    42 ||   128
         Confused          |       |     4 |    12 |     5 ||    21
         Distracted        |       |     1 |       |       ||     1
         Invisible         |       |       |       |     2 ||     2
 Armour: Skin              |    47 |    58 |   138 |   122 ||   365
  Dodge: Dodged            |    53 |    52 |    95 |   120 ||   320
  Block: Buckler           |       |    22 |    93 |   131 ||   246
